 Dungeon Crawl Stone Soup version 0.18.1-50-g88ac8fd (webtiles) character file.

126 roflturtle the Gusty (level 5, -7/28 HPs)
             Began as a Tengu Air Elementalist on Oct 17, 2016.
             Mangled by Natasha (9 damage)
             ... on level 2 of the Dungeon.
             The game lasted 00:09:54 (1722 turns).

roflturtle the Gusty (Tengu Air Elementalist)       Turns: 1722, Time: 00:09:54

Health: -7/28      AC:  2    Str:  8    XL:     5   Next: 9%
Magic:  4/10       EV: 15    Int: 17    God:
Gold:   121        SH:  0    Dex: 14    Spells: 4 memorised, 2 levels left

rFire  . . .     SeeInvis .     i - +0 short sword
rCold  . . .     Gourm    .     a - +0 robe
rNeg   . . .     Faith    .     (no shield)
rPois  .         Spirit   .     (helmet restricted)
rElec  .         Dismiss  .     (no cloak)
rCorr  .         Reflect  .     (no gloves)
SustAt .         Harm     .     (boots unavailable)
MR     .....                    (no amulet)
Stlth  ++........               (no ring)
                                (no ring)

@: flying quickly and evasively, quick, not resistant to hostile enchantments,
unstealthy
A: beak, talons 3, able to fly 1
a: no special abilities


You were on level 2 of the Dungeon.
You were not hungry.

You visited 1 branch of the dungeon, and saw 2 of its levels.

You collected 121 gold pieces.

Inventory:

Hand Weapons
 i - a +0 short sword (weapon)
Armour
 a - a +0 robe (worn)
Jewellery
 v - an uncursed ring of ice {unknown}
 w - an uncursed ring of protection from cold {unknown}
Wands
 y - a wand of lightning (0/15)
Scrolls
 f - a scroll of fog {unknown}
 h - a scroll of teleportation {unknown}
 j - a scroll of random uselessness {unknown}
 k - 2 scrolls of identify {unknown}
 n - 2 scrolls of blinking {unknown}
 o - a scroll of noise {unknown}
 r - a scroll of remove curse {unknown}
 s - 2 scrolls of immolation {unknown}
Potions
 e - 2 potions of lignification {unknown}
 g - a potion of ambrosia {unknown}
 l - a potion of cancellation {unknown}
 m - 3 potions of flight
 q - a potion of brilliance {unknown}
 t - a potion of might {unknown}
 x - a potion of heal wounds {unknown}
 z - a potion of agility {unknown}
Books
 b - a book of Air

   Spells                             Type                      Level
   a - Shock                          Conjuration/Air              1
   b - Swiftness                      Charms/Air                   2
   c - Repel Missiles                 Charms/Air                   2
   d - Static Discharge               Conjuration/Air              3
   e - Lightning Bolt                 Conjuration/Air              5
Comestibles
 c - 2 bread rations
 d - 2 meat rations
 p - a chunk of flesh
 u - a beef jerky


   Skills:
 - Level 2.1 Dodging
 - Level 2.0 Stealth
 - Level 3.0 Spellcasting
 - Level 3.0 Conjurations
 + Level 0.0 Charms
 - Level 6.0 Air Magic


You had 2 spell levels left.
You knew the following spells:

 Your Spells              Type           Power        Failure   Level  Hunger
a - Shock                 Conj/Air       ###.         2%          1    None
b - Repel Missiles        Chrm/Air       ##....       10%         2    ##.....
c - Swiftness             Chrm/Air       ##......     10%         2    ##.....
d - Static Discharge      Conj/Air       ###.....     10%         3    ###....


Dungeon Overview and Level Annotations

Branches:
Dungeon (2/15)

Altars:
Ru

Annotations:
D:2 Natasha


Innate Abilities, Weirdness & Mutations

You have a beak for a mouth.
You have claws for feet.
You can fly.


Message History

The zap misses Natasha.
The zap hits the crimson imp.
The crimson imp is moderately wounded.
Natasha barely misses you. The shadow imp gestures at you.
Pain shoots through your body!
Ouch! That really hurt!
* * * LOW HITPOINT WARNING * * *
Unknown command.
Zapping:
y - a wand of lightning {zapped: 3} (will waste charges)
Press: ? - help, Shift-Dir - straight line, f/p - Natasha
Aim: Natasha (moderately wounded) Nothing appears to happen.
Natasha misses you. The shadow imp closely misses you.
Casting: Shock
Confirm with . or Enter, or press ? or * to list all spells.
Okay, then.
It was a potion of flight.
You feel very buoyant.
You swoop lightly up into the air.
Natasha claws you!
You die...

#......#....# #.#.#
####....###.###.#.#
##.#<##.#.##.#.#
#..#..###.....#####.#
####.##.#.##.........#
#........###.#.######
#.##.........#.#
#.############.#
#....5@h5.)..#.#
############.#.# #.#
#. #.# #.# #.# #.# #.#
#.# #.# #.# #.# #.#
#.# #.# #.#


You could see Natasha, a crimson imp and a shadow imp.

Vanquished Creatures
  Natasha (twice) (D:2)
  Ijyb (D:2)
  A worm (D:2)
  A giant gecko (D:2)
  A ball python (D:2)
  6 bats
  A giant cockroach (D:2)
  4 hobgoblins
  12 jackals
  3 quokkas (D:2)
  2 giant newts
  3 goblins
  4 kobolds
  6 rats
47 creatures vanquished.

Notes
Turn   | Place    | Note
--------------------------------------------------------------
     0 | D:1      | roflturtle the Tengu Air Elementalist began the quest for the Orb.
     0 | D:1      | Reached XP level 1. HP: 10/10 MP: 4/4
   334 | D:1      | Reached XP level 2. HP: 15/15 MP: 3/6
   726 | D:2      | Reached XP level 3. HP: 18/19 MP: 3/7
   918 | D:2      | Reached skill level 5 in Air Magic
   980 | D:2      | Noticed Natasha
   986 | D:2      | Killed Natasha
   986 | D:2      | Reached XP level 4. HP: 24/24 MP: 1/8
  1064 | D:2      | Found a sacrificial altar of Ru.
  1448 | D:2      | Reached skill level 6 in Air Magic
  1493 | D:2      | Learned a level 2 spell: Repel Missiles
  1496 | D:2      | Learned a level 2 spell: Swiftness
  1585 | D:2      | Noticed Natasha
  1591 | D:2      | Killed Natasha
  1596 | D:2      | Noticed Ijyb
  1604 | D:2      | Killed Ijyb
  1604 | D:2      | Gained mutation: You can fly. [Tengu growth]
  1604 | D:2      | Reached XP level 5. HP: 5/28 MP: 0/10
  1609 | D:2      | Learned a level 3 spell: Static Discharge
  1710 | D:2      | Noticed Natasha
  1722 | D:2      | Mangled by Natasha

Skill      XL: |  1  2  3  4 |
---------------+-------------+-----
Conjurations   | 2 3 |  3.0
Air Magic      | 5 6 |  6.0
Spellcasting   | 3 |  3.0
Dodging        | |  2.1
Stealth        | |  2.0

Action                   |  1- 3 |  4- 6 || total
-------------------------+-------+-------++-------
Melee: Unarmed           |    12 |       ||    12
       Short sword       |    22 |     1 ||    23
       Kick              |     5 |     1 ||     6
       Peck              |     2 |       ||     2
 Cast: Shock             |    41 |    41 ||    82
  Use: Potion            |       |     1 ||     1
 Stab: Sleeping          |     1 |       ||     1
  Eat: Chunk             |     1 |     3 ||     4
Armor: Robe              |    13 |     3 ||    16
Dodge: Dodged            |    29 |    15 ||    44
